 Dungeon Crawl Stone Soup version 0.27.1-1-g398f81649c (webtiles) character file.

Game seed: 9300062204805215573

591 speeev33 the Skirmisher (level 7, -2/62 HPs)
             Began as a Hill Orc Fighter on Sept 16, 2021.
             Slain by an ogre (27 damage)
             ... on level 4 of the Dungeon.
             The game lasted 00:03:37 (3133 turns).

speeev33 the Skirmisher (Hill Orc Fighter)          Turns: 3133, Time: 00:03:38

Health: -2/62      AC:  7    Str: 21    XL:     7   Next: 39%
Magic:  7/7        EV:  7    Int: 14    God:
Gold:   195        SH: 10    Dex: 10    Spells: 6/6 levels left

rFire    . . .     SeeInvis .   a - +0 war axe
rCold    . . .     Faith    .   c - +0 kite shield
rNeg     . . .     Spirit   .   b - +0 scale mail
rPois    .         Reflect  .   (no helmet)
rElec    .         Harm     .   (no cloak)
rCorr    .         Rampage  .   (no gloves)
Will     .....                  (no boots)
Stlth    ..........             (no amulet)
HPRegen  0.20/turn              l - +6 ring of intelligence
MPRegen  0.10/turn              (no ring)

@: no status effects
A: no striking features
a: no special abilities


You were on level 4 of the Dungeon.
You visited 1 branch of the dungeon, and saw 4 of its levels.

You collected 195 gold pieces.

Inventory:

Hand Weapons
 a - a +0 war axe (weapon)
Armour
 b - a +0 scale mail (worn)
 c - a +0 kite shield (worn)
Jewellery
 l - a +6 ring of intelligence (left hand)
Scrolls
 f - a scroll of noise
 g - a scroll of fog
 i - a scroll of teleportation
 j - a scroll of enchant armour
Potions
 h - 3 potions of curing


   Skills:
 + Level 5.9 Fighting
 + Level 5.6 Axes
 + Level 5.3 Armour
 + Level 5.3 Shields


You had 6 spell levels left.
You didn't know any spells.
Your spell library contained the following spells:

 Spells                   Type           Power      Damage    Failure   Level
 Slow                     Hex            0%         N/A       98%         2
 Confusing Touch          Hex            0%         N/A       100%        3
 Vampiric Draining        Necr           0%         2d6       100%        3


Dungeon Overview and Level Annotations

Branches:
Dungeon (4/15)
 Temple: D:4-7

Altars:
Cheibriados
Xom
Yredelemnul


Message History

No target in view!
No target in view!
HP restored.
Found 13 gold pieces.
Found a hand axe.
You now have 180 gold pieces (gained 13).
Found 15 gold pieces.
You see here a +0 hand axe.
You now have 195 gold pieces (gained 15).
Things that are here:
5 stones; a +0 short sword; a kobold skeleton You open the door.
Found 21 stones.
Found a snail-covered altar of Cheibriados.
An ogre comes into view. It is wielding a +0 giant spiked club.
An ogre is nearby!
Found 4 gold pieces.
You block the ogre's attack.
You hit the ogre but do no damage. The ogre closely misses you.
Your scale mail prevents you from hitting the ogre.
The ogre hits you with a +0 giant spiked club!!
You closely miss the ogre.
The ogre hits you with a +0 giant spiked club.
You hit the ogre.
The ogre is lightly wounded.
You block the ogre's attack.
You slash the ogre!
The ogre is heavily wounded.
The ogre hits you with a +0 giant spiked club!
The ogre hits you with a +0 giant spiked club.
You barely miss the ogre.
The ogre is heavily wounded.
You block the ogre's attack.
You hit the ogre but do no damage.
The ogre is heavily wounded.
The ogre barely misses you.
You completely miss the ogre.
The ogre is heavily wounded.
The ogre hits you with a +0 giant spiked club!!
You die...

####.# #...#. #.#... ####
#...## #..#######.##
#...........#
#.########..#
.###########.# #..#
$......O@....########..##
..#...####.........<.....
..... #.###########.##
#.#. #.# #.# # # #.# #.#
#.# #.## #.# #... #.#
#.## #.# #...


You could see an ogre.

Vanquished Creatures
  Pikel (D:4)
  A phantom (D:4)
  3 adders
  2 worms (D:2)
  2 dart slugs (D:2)
  An orc (D:3)
  10 endoplasms
  A giant cockroach (D:2)
  10 goblins
  5 hobgoblins
  2 quokkas (D:1)
  5 ball pythons
  A bat (D:3)
  6 frilled lizards
  9 kobolds
  7 rats
66 creatures vanquished.

Vanquished Creatures (others)
  A fungus (D:1)
  A plant (D:1)
2 creatures vanquished.

Grand Total: 68 creatures vanquished

Notes
Turn   | Place    | Note
-------+----------+-------------------------------------------
     0 | D:1      | speeev33 the Hill Orc Fighter began the quest for the Orb.
     0 | D:1      | Reached XP level 1. HP: 19/19 MP: 1/1
   191 | D:1      | Found a faded altar of an unknown god.
   248 | D:1      | Reached XP level 2. HP: 27/27 MP: 2/2
   670 | D:1      | Reached XP level 3. HP: 33/33 MP: 3/3
  1250 | D:2      | Reached XP level 4. HP: 40/40 MP: 4/4
  2352 | D:3      | Found a shimmering altar of Xom.
  2353 | D:3      | Found a basalt altar of Yredelemnul.
  2710 | D:4      | Noticed Pikel
  2710 | D:4      | Noticed a lemure
  2710 | D:4      | Noticed a lemure
  2710 | D:4      | Noticed a lemure
  2710 | D:4      | Noticed a lemure
  2713 | D:4      | Noticed a phantom
  2720 | D:4      | Killed Pikel
  2721 | D:4      | Reached skill level 5 in Fighting
  2721 | D:4      | Reached skill level 5 in Axes
  2721 | D:4      | Reached skill level 5 in Armour
  2721 | D:4      | Reached skill level 5 in Shields
  2721 | D:4      | Reached XP level 5. HP: 5/50 MP: 5/5
  2721 | D:4      | Reached XP level 6. HP: 6/57 MP: 6/6
  2721 | D:4      | Reached XP level 7. HP: 6/62 MP: 7/7
  3094 | D:4      | Found a snail-covered altar of Cheibriados.
  3133 | D:4      | Slain by an ogre

Illustrated notes

Levels and vault maps discovered:
D:1:      tarquinn_simple_flora_water_a, layout_basic,
          shapermc_ecumenical_altar_mp_urbaneastern, wad_floor_pattern_untrapped
D:2:      layout_rooms, corexii_item_surrounded_by_moat, minmay_hexomino_p4
D:3:      layout_loops_ring, gammafunk_temple_overflow_statue
D:4:      layout_loops_ring, kennysheep_little_box, uniq_pikel

Skill      XL: |  1  2  3  4 |
---------------+-------------+-----
Axes           | 3 5 |  5.6
Fighting       | 4 5 |  5.9
Armour         | 5 |  5.3
Shields        | 5 |  5.3

Action                   |  1- 3 |  4- 6 |  7- 9 || total
-------------------------+-------+-------+-------++-------
Melee: War axe           |   100 |   115 |    24 ||   239
  Use: Scroll            |     2 |     6 |       ||     8
       Potion            |       |     1 |       ||     1
Armor: Scale mail        |    50 |    52 |     8 ||   110
Dodge: Dodged            |    34 |    26 |     4 ||    64
Block: Kite shield       |    45 |    64 |    13 ||   122
